 Dungeon Crawl Stone Soup version 0.28.0-53-g5a82cb258f (webtiles) character file.

Game seed: 13989696676662598527

27 Stomo the Skirmisher (level 2, -1/27 HPs)
             Began as a Draconian Monk on July 13, 2022.
             Slain by a gnoll
             ... wielding a +0 spear
              (5 damage)
             ... on level 2 of the Dungeon.
             The game lasted 00:01:06 (1018 turns).

Stomo the Skirmisher (Draconian Monk)               Turns: 1018, Time: 00:01:06

Health: -1/27      AC:  4    Str: 13    XL:     2   Next: 93%
Magic:  2/2        EV: 12    Int: 10    God:
Gold:   44         SH:  0    Dex: 13    Spells: 1/1 levels left

rFire   . . .      SeeInvis .   f - +0 whip (vamp)
rCold   . . .      Faith    .   (no shield)
rNeg    . . .      Spirit   .   (armour unavailable)
rPois   .          Reflect  .   (helmet restricted)
rElec   .          Harm     .   (no cloak)
rCorr   .          Rampage  .   (no gloves)
Will    .....                   (no boots)
Stlth   ++........              (no amulet)
HPRegen 0.09/turn               (no ring)
MPRegen 0.08/turn               (no ring)

@: no status effects
A: AC +4, unfitting armour, cold-blooded
a: no special abilities


You were on level 2 of the Dungeon.
You visited 1 branch of the dungeon, and saw 2 of its levels.

You collected 44 gold pieces.

Inventory:

Hand Weapons
 a - a +0 mace
 f - a +0 vampiric whip (weapon)
Scrolls
 c - 2 scrolls of magic mapping
 d - 2 scrolls of blinking {unknown}
 g - a scroll of vulnerability {unknown}
 h - a scroll of acquirement {unknown}
 k - a scroll of teleportation {unknown}
Potions
 b - 2 potions of curing {unknown}
 e - 2 potions of heal wounds {unknown}
 i - a potion of attraction {unknown}
 j - a potion of brilliance {unknown}


   Skills:
 + Level 3.6 Fighting
 + Level 3.3 Maces & Flails
 + Level 3.0 Dodging
 + Level 2.2 Stealth


You had one spell level left.
You didn't know any spells.
Your spell library was empty.

Dungeon Overview and Level Annotations

Branches:
Dungeon (2/15)

Altars:


Innate Abilities, Weirdness & Mutations

Your plain brown scales are hard. (AC +4)
You cannot fit into any form of body armour.
You are cold-blooded and may be slowed by cold attacks.


Message History

No target in view!
No target in view!
No target in view!
No target in view!
No target in view!
No target in view!
Found 31 arrows.
You see here a +0 dagger. 4 gnolls come into view.
A gnoll is wielding a +2 whip of electrocution.
There are monsters nearby!
A rat comes into view.
Unknown command.
The gnoll shouts!
The gnoll shouts!
A bat comes into view.
The rat twitches its whiskers.
The bat moves out of view.
You see here a +0 dagger.
The gnoll closely misses you.
Press: ? - help, v - describe, . - travel
Here: a gnoll, wielding a +2 whip of electrocution The floor.
Okay, then.
As you read the scroll labelled POSUCO YGUM, it crumbles to dust.
You feel aware of your surroundings.
It was a scroll of magic mapping.
You hit the gnoll. You tail-slap the gnoll.
The gnoll is moderately wounded.
The gnoll barely misses you.
The rat twitches its whiskers.
You barely miss the gnoll.
The gnoll is moderately wounded.
The gnoll hits you with a +2 whip of electrocution.
The rat twitches its whiskers.
Found a stone staircase leading down.
The gnoll hits you with a +2 whip of electrocution!
The gnoll hits you with a +0 flail!
* * * LOW HITPOINT WARNING * * *
The gnoll hits you from afar with a +0 spear.
You die...

##..................,,,,,*
##.......)..........,,,,,*
######........#############
##...#....................#
##...###....#.###########.#
##..........#.# #.####
##..........#.###########....#
..............gg......>#####.#
.##.#........r.g@#######.....#
....#.................##)#####
....#.##..........#.#.##.#
....#.##..........#,#,*#<#
....#g##..........#,*,*###
....#..+..........#,*,*
....#..#..........#,*,*
....#..#..........#,*,*
....+..##########.*,*,*


You could see 3 gnolls and a rat.

Vanquished Creatures
  An adder (D:2)
  3 ball pythons
  A goblin (D:2)
  A hobgoblin (D:1)
  3 jackals (D:2)
  4 kobolds
  A quokka (D:1)
  2 rats (D:1)
16 creatures vanquished.

Notes
Turn   | Place    | Note
-------+----------+-------------------------------------------
     0 | D:1      | Stomo the Draconian Monk began the quest for the Orb.
     0 | D:1      | Reached XP level 1. HP: 19/19 MP: 1/1
   445 | D:1      | Found a faded altar of an unknown god.
   672 | D:1      | Reached XP level 2. HP: 26/26 MP: 2/2
  1018 | D:2      | Slain by a gnoll

Illustrated notes

Levels and vault maps discovered:
D:1:      nzn_arrival_depleted_hourglass, layout_rooms,
          ebering_ecumenical_altar_webs
D:2:      layout_basic

Skill      XL: |  1  2 |
---------------+-------+-----
Stealth        | 2 |  2.2
Dodging        | 3 |  3.0
Fighting       | |  3.6
Maces & Flails | |  3.3

Action                   || total
-------------------------++-------
Melee: Mace              ||    20
       Tailslap          ||     4
       Whip              ||    37
  Use: Scroll            ||     1
 Stab: Sleeping          ||     1
Armor: Skin              ||    14
Dodge: Dodged            ||    41
